 Dungeon Crawl Stone Soup version 0.29.1-2-gbd0b4ee654 (webtiles) character file.

Game seed: 13366373352009925780

829 GigaChad the Chopper (level 7, -3/61 HPs)
             Began as a Minotaur Fighter on Nov 22, 2022.
             Was a Priest of Trog.
             Killed from afar by Blork the orc (4 damage)
             ... with a puff of flame
             ... on level 5 of the Dungeon.
             The game lasted 00:08:08 (3004 turns).

GigaChad the Chopper (Minotaur Fighter)             Turns: 3004, Time: 00:08:09

Health: -3/61      AC: 10    Str: 22    XL:     7   Next: 65%
Magic:  6/6        EV:  7    Int:  5    God:    Trog [***...]
Gold:   164        SH:  5    Dex: 12    Spells: 6/6 levels left

rFire   . . .      SeeInvis .   k - +4 hand axe of the Chickpea {spect, rElec rC+ rCorr Dex+2}
rCold   + . .      Faith    .   c - +0 buckler
rNeg    . . .      Spirit   .   g - +0 chain mail
rPois   .          Reflect  .   (helmet restricted)
rElec   +          Harm     .   (no cloak)
rCorr   +          Rampage  .   (no gloves)
Will    .....                   (no boots)
Stlth   ..........              (no amulet)
HPRegen 0.20/turn               (no ring)
MPRegen 0.10/turn               (no ring)

@: no status effects
A: horns 2, retaliatory headbutt
a: Renounce Religion, Berserk, Trog's Hand


You were on level 5 of the Dungeon.
You worshipped Trog.
Trog was most pleased with you.
You visited 1 branch of the dungeon, and saw 5 of its levels.

You collected 164 gold pieces.

Inventory:

Hand Weapons
 a - a +0 war axe
 k - the +4 hand axe of the Chickpea (weapon) {spect, rElec rC+ rCorr Dex+2}
   (You found it on level 2 of the Dungeon)

   When its wielder attacks, the weapon's spirit leaps out and strikes again.
   The spirit shares a part of any damage it takes with its wielder.
   Dex:       It affects your dexterity (+2).
   rC:        It protects you from cold.
   rElec:     It insulates you from electricity.
   rCorr:     It protects you from acid and corrosion.
 l - a +1 flail of distortion
Armour
 b - a +0 scale mail
 c - a +0 buckler (worn)
 g - a +0 chain mail (worn)
Jewellery
 h - a ring of resist corrosion
Wands
 u - a wand of roots (10)
Scrolls
 f - a scroll of magic mapping {unknown}
 m - a scroll of enchant armour {unknown}
 o - a scroll of vulnerability {unknown}
 p - a scroll of amnesia
 q - 2 scrolls of identify
 t - a scroll of fog {unknown}
Potions
 d - a potion of might
 e - a potion of haste {unknown}
 i - 5 potions of flight {unknown}
 j - 2 potions of magic {unknown}
 r - a potion of heal wounds {unknown}
 s - a potion of resistance {unknown}
 v - a potion of curing {unknown}


   Skills:
 + Level 5.3 Fighting
 + Level 7.7 Axes
 + Level 6.1 Armour
 + Level 5.1 Shields


You had 6 spell levels left.
You didn't know any spells.
Your spell library was empty.

Dungeon Overview and Level Annotations

Branches:
Dungeon (5/15)
 Temple: D:4-7

Altars:
Dithmenos
Elyvilon
Hepliaklqana
Makhleb
Qazlal
Ru
Sif Muna
Trog
Vehumet
The Shining One

Annotations:
D:3 3 runed translucent doors, elongatedgoose's ghost, amateur FoFi
D:5 Blork the orc


Innate Abilities, Weirdness & Mutations

You have a pair of horns on your head.
You reflexively headbutt those who attack you in melee.


Message History

Your +4 hand axe of the Chickpea {spect, rElec rC+ rCorr Dex+2} hits Blork the orc.
Your +4 hand axe of the Chickpea {spect, rElec rC+ rCorr Dex+2} hits the orc!
You kill the orc!
Trog accepts your kill.
Your +4 hand axe of the Chickpea {spect, rElec rC+ rCorr Dex+2} hits the hound.
The hound closely misses your +4 hand axe of the Chickpea {spect, rElec rC+ rCorr Dex+2}.
Blork the orc closely misses you.
Blork the orc hits your +4 hand axe of the Chickpea {spect, rElec rC+ rCorr Dex+2} with a +0 war axe.
Your spectral weapon shares its damage with you!
* * * LOW HITPOINT WARNING * * *
Blork the orc attacks as you move away! Blork the orc closely misses you.
You furiously retaliate!
You headbutt Blork the orc.
Blork the orc hits your +4 hand axe of the Chickpea {spect, rElec rC+ rCorr Dex+2} with a +0 war axe.
Your spectral weapon shares its damage with you!
* * * LOW HITPOINT WARNING * * *
Blork the orc points at you and mumbles some strange words.
The magic dart hits you.
* * * LOW HITPOINT WARNING * * *
You closely miss the hound.
The hound is moderately wounded.
Your +4 hand axe of the Chickpea {spect, rElec rC+ rCorr Dex+2} hits the hound.
Your +4 hand axe of the Chickpea {spect, rElec rC+ rCorr Dex+2} hits Blork the orc!
The hound bites you.
* * * LOW HITPOINT WARNING * * *
Blork the orc hits your +4 hand axe of the Chickpea {spect, rElec rC+ rCorr Dex+2} with a +0 war axe!
Your spectral weapon shares its damage with you!
* * * LOW HITPOINT WARNING * * *
You hit the hound but do no damage.
The hound is severely wounded.
Your +4 hand axe of the Chickpea {spect, rElec rC+ rCorr Dex+2} hits the hound!
You kill the hound!
Trog accepts your kill.
Your +4 hand axe of the Chickpea {spect, rElec rC+ rCorr Dex+2} hits Blork the orc!
Blork the orc completely misses your +4 hand axe of the Chickpea {spect, rElec rC+ rCorr Dex+2}.
The air fills with toxic fumes!
As you read the scroll labelled XEBE VUKHLIBA, it crumbles to dust.
It was a scroll of poison.
Blork the orc gestures at you while chanting.
The puff of flame hits you.
You die...

.... ###.......
..§§§# ##...##+#
...§§########.......#
...§§##§§§§§#§....#.#
..§§§§§§§§§#.....#.#
##§§§§§§§§#.##.....
+§§§§§§§§§†........
##§§§§§§§##.##.##.#
#@§§§§§§##.......#
#§§§§§§§###...##.#
#...§o#§§§§§§# .### .
#..§§§#§§§§§§...#
....#§§§##§§§§§...#
### #§§§§.§§§§§...#
§§§§§..§§§§##.#
§§§#§§..§§§§#
#...#.........


You could see Blork the orc (fast).

Vanquished Creatures
  2 ice beasts (D:5)
  A black bear (D:5)
  An ogre (D:5)
  3 orc priests
  4 hounds
  2 iguanas (D:5)
  2 orc wizards (D:5)
  4 gnolls (D:4)
  4 adders
  3 dart slugs
  7 orcs
  8 endoplasms
  4 giant cockroaches
  4 hobgoblins
  4 jackals (D:3)
  3 quokkas
  7 ball pythons
  8 bats
  3 frilled lizards
  5 goblins
  12 kobolds
  11 rats
102 creatures vanquished.

Notes
Turn   | Place    | Note
-------+----------+-------------------------------------------
     0 | D:1      | GigaChad the Minotaur Fighter began the quest for the Orb.
     0 | D:1      | Reached XP level 1. HP: 19/19 MP: 0/0
   169 | D:1      | Found a faded altar of an unknown god.
   177 | D:1      | Prayed at the altar of an unknown god.
   177 | D:1      | Became a worshipper of Trog the Wrathful
   177 | D:1      | Reached * piety under Trog
   226 | D:1      | Reached XP level 2. HP: 27/27 MP: 1/1
   711 | D:2      | Reached XP level 3. HP: 33/33 MP: 2/2
   854 | D:2      | Reached skill level 3 in Axes
   854 | D:2      | Reached ** piety under Trog
  1020 | D:2      | Identified the +4 hand axe of the Chickpea {spect, rElec
                  | rC+ rCorr Dex+2}
  1214 | D:2      | Reached XP level 4. HP: 40/40 MP: 3/3
  1762 | D:3      | Found a runed translucent gate.
  1762 | D:3      | Found a runed translucent gate.
  1762 | D:3      | Found a runed translucent gate.
  1771 | D:3      | Noticed elongatedgoose's ghost (amateur FoFi)
  1775 | D:3      | Noticed a scorpion
  1922 | D:3      | Reached skill level 4 in Axes
  2330 | D:4      | Reached XP level 5. HP: 47/47 MP: 4/4
  2345 | D:4      | Reached *** piety under Trog
  2542 | D:4      | Found a stormy altar of Qazlal.
  2543 | D:4      | Found a shimmering blue altar of Sif Muna.
  2545 | D:4      | Found a bloodstained altar of Trog.
  2545 | D:4      | Found a hazy altar of Hepliaklqana.
  2546 | D:4      | Found a radiant altar of Vehumet.
  2546 | D:4      | Found a glowing golden altar of the Shining One.
  2546 | D:4      | Found a burning altar of Makhleb.
  2546 | D:4      | Found a shadowy altar of Dithmenos.
  2615 | D:4      | Reached skill level 5 in Axes
  2623 | D:4      | Found a large runed translucent door.
  2624 | D:4      | Found a large runed translucent door.
  2643 | D:4      | Reached XP level 6. HP: 53/53 MP: 5/5
  2644 | D:4      | Found a white marble altar of Elyvilon.
  2658 | D:4      | Found a sacrificial altar of Ru.
  2935 | D:5      | Entered Level 5 of the Dungeon
  2940 | D:5      | Reached skill level 6 in Axes
  2940 | D:5      | Reached skill level 5 in Armour
  2958 | D:5      | Noticed an ice beast
  2967 | D:5      | Killed an ice beast
  2970 | D:5      | Reached XP level 7. HP: 48/60 MP: 6/6
  2979 | D:5      | Reached skill level 5 in Fighting
  2979 | D:5      | Reached skill level 7 in Axes
  2988 | D:5      | Noticed Blork the orc
  2994 | D:5      | Reached skill level 5 in Shields
  3002 | D:5      | HP: 1/61 [Blork the orc/+0 war axe (4)]
  3004 | D:5      | Killed from afar by Blork the orc

Illustrated notes

Levels and vault maps discovered:
D:1:      dpeg_arrival_tiny_d, layout_loops_ring,
          dilly_ecumenical_altar_fadedgnrine
D:2:      layout_loops_ring, st_stairs_3, dk_noncrumbling_2, minmay_hexomino_c4
D:3:      layout_basic, gammafunk_ghost_split
D:4:      layout_basic, jmf_multi_god_temple2, grunt_temple_overflow_open
D:5:      layout_basic, nicolae_overflow_crystal_walls, uniq_blork_the_orc

Skill      XL: |  1  2  3  4  5  6  7 |
---------------+----------------------+-----
Shields        | 4 5 |  5.1
Armour         | 4 5 6 |  6.1
Fighting       | 4 5 |  5.3
Axes           | 3 4 5 6 7 |  7.7

Action                   |  1- 3 |  4- 6 |  7- 9 || total
-------------------------+-------+-------+-------++-------
Melee: War axe           |    56 |       |       ||    56
       Headbutt          |     9 |     6 |     4 ||    19
       Hand axe          |    12 |    61 |    21 ||    94
  Use: Scroll            |       |     2 |     1 ||     3
 Stab: Distracted        |       |     1 |       ||     1
Armor: Scale mail        |    20 |       |       ||    20
       Chain mail        |    31 |    50 |    13 ||    94
Dodge: Dodged            |    38 |    25 |    15 ||    78
Block: Buckler           |    22 |    22 |    12 ||    56
